 Dungeon Crawl Stone Soup version 0.17.1-2-g5865329 (webtiles) character file.

28 Charly the Chopper (level 3, -1/32 HPs)
             Began as a Deep Dwarf Gladiator on Jan 12, 2016.
             Killed from afar by Britaniac's ghost (14 damage)
             ... with a flame tongue
             ... on level 6 of the Dungeon.
             The game lasted 00:04:35 (367 turns).

Charly the Chopper (Deep Dwarf Gladiator)            Turns: 367, Time: 00:04:36

Health: -1/32      AC:  9    Str: 19    XL:     3   Next: 0%
Magic:  3/3        EV:  8    Int:  8    God:
Gold:   27         SH:  0    Dex: 13    Spells: 0 memorised, 2 levels left

rFire  . . .     SeeInvis .     a - +0 war axe
rCold  . . .     Clarity  .     b - +0 chain mail
rNeg   . . .     SustAt   +     (no shield)
rPois  .         Gourm    .     c - +0 helmet
rElec  .         Spirit   .     (no cloak)
rCorr  .         Warding  .     (no gloves)
rMut   .         Stasis   .     (no boots)
MR     .....                    l - amulet of faith
Stlth  ..........               (no ring)
                                h - ring of sustain attributes

@: non-regenerating, not resistant to hostile enchantments, extremely unstealthy
A: damage resistance, recharge devices, sense surroundings 1, slow regeneration
3
a: Device Recharging


You were on level 6 of the Dungeon.
You were not hungry.

You visited 1 branch of the dungeon, and saw 5 of its levels.

You collected 27 gold pieces.

Inventory:

Hand Weapons
 a - a +0 war axe (weapon)
Missiles
 d - 3 throwing nets (quivered)
Armour
 b - a +0 chain mail (worn)
 c - a +0 helmet (worn)
 i - a +0 ring mail
Jewellery
 h - a ring of sustain attributes (left hand)
 l - an amulet of faith (around neck)
Wands
 e - a wand of heal wounds (5)
Scrolls
 j - a scroll of remove curse {unknown}
Potions
 g - 2 potions of cancellation
 k - a potion of degeneration {unknown}
 n - a potion of heal wounds {unknown}
 o - a potion of haste {unknown}
Comestibles
 f - 2 bread rations
 m - a meat ration


   Skills:
 - Level 1.7 Fighting
 + Level 4.6 Axes
 - Level 1.7 Throwing
 - Level 3.2 Dodging


You had 2 spell levels left.
You didn't know any spells.

Dungeon Overview and Level Annotations

Branches:
Dungeon (6/15)
 Temple: D:4-7

Altars:
Dithmenos

Annotations:
D:6 Britaniac's ghost, novice GrFE


Innate Abilities, Weirdness & Mutations

You are resistant to damage.
You can recharge devices by infusing magical energy.
You passively map a small area around you.
You do not regenerate naturally.


Message History

g - 2 potions of cancellation You fall through a shaft for 2 floors!
The shaft crumbles and collapses.
Found 14 gold pieces.
Britaniac's ghost (novice Gargoyle Fire Elementalist) comes into view.
Britaniac's ghost turns its malevolent gaze towards you.
Found a scroll labeled EDUOSI HYCA.
You see here 14 gold pieces.
You now have 27 gold pieces (gained 14).
Energy condenses in front of Britaniac's ghost, but quickly dissipates.
Found a stone staircase leading down.
Found a scroll labeled FEEMIS JEQE.
You see here a scroll labeled EDUOSI HYCA.
j - a scroll labeled EDUOSI HYCA Britaniac's ghost hits you but does no damage.
Your chain mail prevents you from hitting Britaniac's ghost.
Britaniac's ghost hits you.
Britaniac's ghost gestures at you while chanting.
The flame tongue hits you!
You die...

. , , * * #.#+#+#### ,
#........# * , *
#.......# ,, ** *
#.......# , * ,,, ,
#.......# , * **,
#.......# * . ,
*#.......#######>... * *
* #.......W@.........
,.........############?..
* .........# * .........#
.........# .......###
.......# ....... ,


You could see Britaniac's ghost.

Vanquished Creatures
  An adder (D:2)
  4 orcs (D:3)
  A ball python (D:3)
  3 goblins
  2 hobgoblins
  2 kobolds
  A bat (D:3)
  A rat (D:1)
15 creatures vanquished.

Notes
Turn   | Place    | Note
--------------------------------------------------------------
     0 | D:1      | Charly the Deep Dwarf Gladiator began the quest for the Orb.
     0 | D:1      | Reached XP level 1. HP: 19/19 MP: 1/1
   191 | D:2      | Reached skill level 4 in Axes
   191 | D:2      | Reached XP level 2. HP: 19/26 MP: 2/2
   237 | D:3      | Found a shadowy altar of Dithmenos.
   339 | D:3      | Reached XP level 3. HP: 17/32 MP: 3/3
   352 | D:4      | You fall through a shaft for 2 floors!
   353 | D:6      | Noticed Britaniac's ghost (novice GrFE)
   367 | D:6      | Killed from afar by Britaniac's ghost

Action                   || total
-------------------------++-------
Melee: War axe           ||    44
  Use: Scroll            ||     1
